 Dungeon Sprint DCSS version 0.29-a0-824-gd827844252 (webtiles) character file.

Game seed: 1797633482605245843

1323 mhtbhm the Cleaver (level 8, -2/88 HPs)
             Began as a Gargoyle Berserker on July 9, 2022.
             Was a High Priest of Trog.
             Killed by divine providence
             ... invoked by a smoke demon
             ... summoned by an orc high priest
              (12 damage)
             ... in the Dungeon (Sprint VII: "The Pits").
             The game lasted 00:02:36 (1618 turns).

mhtbhm the Cleaver (Gargoyle Berserker)             Turns: 1618, Time: 00:02:37

Health: -2/88      AC: 25    Str: 22    XL:     8   Next: 59%
Magic:  8/8        EV: 10    Int:  9    God:    Trog [*****.]
Gold:   0          SH:  0    Dex: 12    Spells: 7/7 levels left

rFire   . . .      SeeInvis .   a - +2 war axe (freeze)
rCold   . . .      Faith    .   (no shield)
rNeg    + . .      Spirit   .   b - +3 chain mail
rPois   ∞          Reflect  .   (no helmet)
rElec   +          Harm     .   k - +0 cloak
rCorr   .          Rampage  .   l - +0 pair of gloves
Will    .....      NoTele   +   (no boots)
Stlth   ..........              (no amulet)
HPRegen 0.24/turn               e - +3 ring of protection
MPRegen 0.11/turn               h - +3 ring of dexterity

@: confused, berserking (expiring), spiked, very quick
A: sickness immunity, AC +5, negative energy resistance 1, electricity
resistance, torment resistance 1, petrification resistance
a: Renounce Religion, Berserk, Trog's Hand, Brothers in Arms


You were in the Dungeon.
You worshipped Trog.
Trog was extremely pleased with you.
You visited 1 branch

Inventory:

Hand Weapons
 a - a +2 war axe of freezing (weapon)
Armour
 b - a +3 chain mail (worn)
 k - a +0 cloak (worn)
 l - a +0 pair of gloves (worn)
Jewellery
 e - a +3 ring of protection (left hand)
 h - a +3 ring of dexterity (right hand)
Scrolls
 j - a scroll of summoning
Potions
 c - 7 potions of curing
 d - 9 potions of heal wounds
 f - 4 potions of magic
 g - 6 potions of berserk rage
 i - 2 potions of invisibility


   Skills:
 + Level 10.7 Fighting
 + Level 11.8 Axes
 + Level 8.8 Armour
 + Level 5.3 Dodging
 + Level 2.3 Stealth


You had 7 spell levels left.
You didn't know any spells.
Your spell library was empty.

Dungeon Overview and Level Annotations

Branches:
Dungeon (1/1)

Altars:
Cheibriados
Dithmenos
Elyvilon
Fedhas
Gozag
Hepliaklqana
Makhleb
Nemelex Xobeh
Okawaru
Qazlal
Ru
Sif Muna
Trog
Vehumet
Wu Jian
Xom
Yredelemnul
Zin
The Shining One
Jiyva
Lugonu


Innate Abilities, Weirdness & Mutations

You are immune to sickness and miasma.
Your stone body is resilient. (AC +5)
You are immune to poison.
You resist negative energy. (rN+)
You are resistant to electric shocks. (rElec)
You are resistant to unholy torment.
You are immune to petrification.


Message History

* * * LOW HITPOINT WARNING * * *
Barbed spikes become lodged in your body.
You hit the red devil. You freeze the red devil.
Your punch misses the red devil.
The red devil is moderately wounded.
You hit the hellwing but do no damage. You miss the orc wizard.
The orc wizard casts a spell at you. The puff of flame misses you.
The puff of flame hits the hellwing but does no damage.
The orc high priest barely misses you.
You barely miss the hellwing. You slash the red devil!
You freeze the red devil. You hit the orc wizard. You freeze the orc wizard.
The hellwing barely misses you.
The hellwing hits you but does no damage.
The red devil hits you with a +0 demon trident of venom.
* * * LOW HITPOINT WARNING * * *
Barbed spikes become lodged in your body.
The orc high priest misses you.
You bump into the metal wall.
The hellwing barely misses you. The hellwing closely misses you.
The smoke demon gestures at you. Beogh smites you!
* * * LOW HITPOINT WARNING * * *
The red devil closely misses you.
You slash the orc! You freeze the orc.
You kill the orc!
Trog accepts your kill. Trog grants you a weapon!
Something appears at your feet!
You see here a +3 vorpal battleaxe.
You slash the orc wizard! You freeze the orc wizard.
You kill the orc wizard!
Trog accepts your kill.
Trog appreciates your killing of a magic user.
You miss the red devil. You barely miss the hellwing.
The orc high priest hits you but does no damage.
Unknown command.
You bump into the metal wall.
The smoke demon gestures at you. Beogh smites you!
You die...

###'##................#
))'.##......#..#......#
###.##................+
.....'................+
'#####......#..#......#
....##................#
###'#####'#####''######
....##.......##'4#
)...##.......##)@#
#'####.......##4)#
....##...<...##o.#
....##.......##.3#
....##.......##..#
######.......##...
.#..###########...
.#.############...
.#)#....#....#


You could see an orc high priest, a hellwing (summoned), a smoke demon
(summoned) and a red devil (summoned).

Vanquished Creatures
  2 hellwings (D)
  A snapping turtle (D)
  An ice beast (D)
  Pargi (D)
  An orc warrior (D)
  A phantom (D)
  A gnoll sergeant (D)
  A hound (D)
  A gnoll bouda (D)
  An iguana (D)
  2 orc wizards (D)
  7 gnolls (D)
  A river rat (D)
  An adder skeleton (D)
  3 orcs (D)
  An endoplasm (D)
  2 goblins (D)
  A hobgoblin (D)
  2 jackals (D)
  A quokka (D)
  A ball python skeleton (D)
  A bat (D)
  A frilled lizard (D)
  A kobold (D)
  A rat (D)
37 creatures vanquished.

Notes
Turn   | Place    | Note
-------+----------+-------------------------------------------
     0 | D        | mhtbhm the Gargoyle Berserker began the quest for the Orb.
     0 | D        | Reached XP level 1. HP: 14/14 MP: 1/1
    23 | D        | Reached skill level 3 in Axes
    33 | D        | Found a bloodstained altar of Trog.
    33 | D        | Found a shimmering blue altar of Sif Muna.
    33 | D        | Found a viscous altar of Jiyva.
    33 | D        | Found a hazy altar of Hepliaklqana.
    33 | D        | Found an opulent altar of Gozag.
    34 | D        | Found a glowing golden altar of the Shining One.
    34 | D        | Found a glowing silver altar of Zin.
    34 | D        | Found a basalt altar of Yredelemnul.
    34 | D        | Found a shimmering altar of Xom.
    34 | D        | Found an ornate altar of the Wu Jian Council.
    34 | D        | Found a sacrificial altar of Ru.
    34 | D        | Found a stormy altar of Qazlal.
    34 | D        | Found an iron altar of Okawaru.
    34 | D        | Found a sparkling altar of Nemelex Xobeh.
    34 | D        | Found a burning altar of Makhleb.
    34 | D        | Found a blossoming altar of Fedhas.
    34 | D        | Found a white marble altar of Elyvilon.
    34 | D        | Found a shadowy altar of Dithmenos.
    34 | D        | Found a snail-covered altar of Cheibriados.
    36 | D        | Found a radiant altar of Vehumet.
    36 | D        | Found a corrupted altar of Lugonu.
   235 | D        | Reached ** piety under Trog
   238 | D        | Reached XP level 2. HP: 20/20 MP: 2/2
   357 | D        | Reached *** piety under Trog
   376 | D        | Reached skill level 5 in Fighting
   376 | D        | Reached skill level 4 in Axes
   376 | D        | Reached XP level 3. HP: 15/26 MP: 3/3
   633 | D        | Noticed an ice beast
   633 | D        | Noticed Pargi
   636 | D        | Reached **** piety under Trog
   639 | D        | Reached skill level 5 in Axes
   639 | D        | Reached XP level 4. HP: 32/32 MP: 4/4
   645 | D        | Killed Pargi
   646 | D        | Reached skill level 7 in Axes
   646 | D        | Reached skill level 1 in Stealth
   646 | D        | Reached XP level 5. HP: 39/39 MP: 5/5
   647 | D        | Reached ***** piety under Trog
   649 | D        | Killed an ice beast
   650 | D        | Reached skill level 8 in Axes
   650 | D        | Reached skill level 5 in Armour
   650 | D        | Reached XP level 6. HP: 45/45 MP: 6/6
   656 | D        | Received a gift from Trog
   866 | D        | Noticed a hellwing
   883 | D        | Killed a hellwing
   884 | D        | Reached skill level 10 in Axes
   884 | D        | Reached skill level 5 in Dodging
   884 | D        | Reached XP level 7. HP: 47/52 MP: 7/7
  1199 | D        | Noticed a hellwing
  1199 | D        | Noticed a snapping turtle
  1249 | D        | Killed a hellwing
  1249 | D        | Received a gift from Trog
  1250 | D        | Reached skill level 10 in Fighting
  1250 | D        | Reached skill level 11 in Axes
  1250 | D        | Reached XP level 8. HP: 24/57 MP: 8/8
  1401 | D        | Killed a snapping turtle
  1592 | D        | Noticed an orc high priest
  1597 | D        | Noticed a red devil
  1603 | D        | Noticed a hellwing
  1603 | D        | Noticed a smoke demon
  1617 | D        | Received a gift from Trog
  1618 | D        | Killed from afar by a smoke demon

Illustrated notes

Levels and vault maps discovered:
D:        pitsprint [storerooms_1, entrance_room_1, metal_vault_3, armoury_1,
          mini_pit_1, grid_room_1, main_hall_1, silver_pit, the_coven_2,
          the_vestibule_1, steel_vault_2, golden_pit, hallway_of_sentries,
          crystal_vault_1, iron_vault_5, final_vault]

Skill      XL: |  1  2  3  4  5  6  7  8 |
---------------+-------------------------+-----
Axes           | 3 4 5 7 8 10 11 | 11.8
Fighting       | 4 5 7 8 9 10 | 10.7
Armour         | 3 4 5 6 7 8 |  8.8
Dodging        | 2 3 4 5 |  5.3
Stealth        | 1 2 |  2.3

Action                   |  1- 3 |  4- 6 |  7- 9 || total
-------------------------+-------+-------+-------++-------
Melee: Hand axe          |    44 |    43 |    65 ||   152
       Punch             |       |     1 |       ||     1
       War axe           |       |       |    21 ||    21
       Battleaxe         |       |       |     9 ||     9
Invok: Berserk           |     3 |     1 |     2 ||     6
  Use: Potion            |       |     1 |     4 ||     5
       Scroll            |       |       |     1 ||     1
Armor: Animal skin       |    11 |       |       ||    11
       Chain mail        |     1 |    31 |    68 ||   100
Dodge: Dodged            |    30 |    19 |    65 ||   114

Table legend: (Time is in decaauts)
 A = Elapsed time spent in this place.
 B = Non-inter-level travel time spent in this place.
 C = Inter-level travel time spent in this place.
 D = Time resting spent in this place.
 E = Time spent auto-exploring this place.
 F = Levels seen in this place.
 G = Mean time per level.
                   A        B        C        D        E       F      G
               +--------+--------+--------+--------+--------+-----+--------+
         Total |   1632 |   1632 |      0 |   1109 |     39 |   1 | 1632.0 |
       Dungeon |   1632 |   1632 |      0 |   1109 |     39 |   1 | 1632.0 |
               +--------+--------+--------+--------+--------+-----+--------+

Top non-repeatable levels by time:
       D: 1632 daAuts
